 Dungeon Crawl Stone Soup version 0.29-a0-270-g1586fc07ea (webtiles) character file.

Game seed: 17531017050945898070

4 Hubjo the Skirmisher (level 1, 0/18 HPs)
             Began as a Demonspawn Abyssal Knight on Mar 7, 2022.
             Was a Believer of Lugonu.
             Succumbed to a goblin's poison
             ... on level 1 of the Dungeon.
             The game lasted 00:00:17 (198 turns).

Hubjo the Skirmisher (Demonspawn Abyssal Knight)     Turns: 198, Time: 00:00:17

Health: 0/18       AC:  3    Str: 13    XL:     1   Next: 58%
Magic:  2/2        EV: 11    Int: 11    God:    Lugonu [**....]
Gold:   10         SH:  0    Dex: 13    Spells: 0/0 levels left

rFire   . . .      SeeInvis .   a - +1 falchion
rCold   . . .      Faith    .   (no shield)
rNeg    . . .      Spirit   .   b - +0 leather armour
rPois   .          Reflect  .   (no helmet)
rElec   .          Harm     .   (no cloak)
rCorr   .          Rampage  .   (no gloves)
Will    .....                   (no boots)
Stlth   +.........              (no amulet)
HPRegen 0.06/turn               (no ring)
MPRegen 0.08/turn               (no ring)

@: lethally poisoned (0 -> -23)
A: no striking features
a: Renounce Religion, Depart the Abyss, Bend Space


You were on level 1 of the Dungeon.
You worshipped Lugonu.
Lugonu was pleased with you.
You visited 1 branch of the dungeon, and saw 1 of its levels.
You visited the Abyss 1 time.

You collected 10 gold pieces.

Inventory:

Hand Weapons
 a - a +1 falchion (weapon)
Armour
 b - a +0 leather armour (worn)
Scrolls
 c - 2 scrolls of teleportation {unknown}


   Skills:
 * Level 3.0 Fighting
 + Level 1.8 Long Blades
 + Level 1.8 Armour
 * Level 1.1 Dodging
 * Level 2.6 Invocations


You couldn't memorise any spells.
You didn't know any spells.
Your spell library was empty.

Dungeon Overview and Level Annotations

Branches:
Dungeon (1/15)

Altars:


Message History

The jackal bites you but does no damage.
The quokka closely misses you.
There are monsters nearby!
You barely miss the quokka. You punch the quokka.
You kill the quokka!
Lugonu accepts your kill. The jackal barely misses you.
A goblin comes into view. It is wielding a +2 dagger of venom.
The jackal bites you.
There are monsters nearby!
You slash the jackal!
You kill the jackal!
Lugonu accepts your kill.
You can now bend space around yourself.
A goblin is nearby!
The goblin hits you but does no damage.
You are poisoned.
A goblin is nearby!
You barely miss the goblin.
You feel sick.
The goblin hits you with a +2 dagger of venom.
You are lethally poisoned!
There is a lethal amount of poison in your body!
You barely miss the goblin.
You feel very sick.
The goblin hits you with a +2 dagger of venom.
* * * LOW HITPOINT WARNING * * *
You are more poisoned.
There is a lethal amount of poison in your body!
You are too injured to fight recklessly!
There is a lethal amount of poison in your body!
You are too injured to fight recklessly!
There is a lethal amount of poison in your body!
There is a lethal amount of poison in your body!
You are too injured to fight recklessly!
There is a lethal amount of poison in your body!
You are too injured to fight recklessly!
You are too injured to fight recklessly!
You hit the goblin.
You kill the goblin!
Lugonu accepts your kill.
You die...

.. #.#.## ... #....#
#.. ....# ..# #...#
####.#### # #...#
#........ # #...####
#.)......
#######...##.###@.#.##
#...........#........#
...........###....#..#
#...........#...#.# .#
#######...##.####...
.. # #...#### ###.###
# #...# # #...# #...#


There were no monsters in sight!

Vanquished Creatures
  A goblin (D:1)
  2 jackals (D:1)
  A quokka (D:1)
  A ball python (D:1)
5 creatures vanquished.

Notes
Turn   | Place    | Note
-------+----------+-------------------------------------------
     0 | Abyss:1  | Hubjo the Demonspawn Abyssal Knight began the quest for the
                  | Orb.
     0 | Abyss:1  | Reached XP level 1. HP: 18/18 MP: 2/2
    46 | Abyss:1  | Noticed a raiju
    47 | D:1      | Escaped the Abyss
   192 | D:1      | Reached skill level 1 in Dodging
   194 | D:1      | Reached ** piety under Lugonu
   198 | D:1      | Succumbed to a goblin's poison

Illustrated notes

Levels and vault maps discovered:
D:1:      saegor_arrival_under_anarchy, layout_loops_cross,
          nicolae_ecumenical_snake_handling, minmay_misc_feat_diagonals,
          minmay_pentomino_z2

Skill      XL: |  1 |
---------------+----+-----
Dodging        | 1 |  1.1
Fighting       | |  3.0
Long Blades    | |  1.8
Armour         | |  1.8
Invocations    | |  2.6

Action                   || total
-------------------------++-------
Melee: Falchion          ||     8
       Punch             ||     1
Invok: Depart the Abyss  ||     1
Armor: Leather armour    ||     2
Dodge: Dodged            ||     6

Table legend: (Time is in decaauts)
 A = Elapsed time spent in this place.
 B = Non-inter-level travel time spent in this place.
 C = Inter-level travel time spent in this place.
 D = Time resting spent in this place.
 E = Time spent auto-exploring this place.
 F = Levels seen in this place.
 G = Mean time per level.
                   A        B        C        D        E       F      G
               +--------+--------+--------+--------+--------+-----+--------+
         Total |    199 |    199 |      0 |      0 |    180 |   2 |   99.5 |
       Dungeon |    152 |    152 |      0 |      0 |    134 |   1 |  152.0 |
         Abyss |     47 |     47 |      0 |      0 |     46 |   1 |   47.0 |
               +--------+--------+--------+--------+--------+-----+--------+

Top non-repeatable levels by time:
     D:1: 152 daAuts
 Abyss:1: 47 daAuts
